cohdb
Replays
Latest Replays
All Replays
Popular Replays
Top Player Replays
Match Explorer
How It Works
Community
CoH3 Stats
Reddit
Sign in to upload your games and track your stats! →
Sign in with Steam
Match 43155575
Unlisted
Match 43155575
Overview
Messages
Build Orders
End
Kradschützen Motorcycle Team
Selects Italian Combined Arms Battlegroup
Selects Bersaglieri Squad
Bersaglieri Squad
Bersaglieri Squad
Construct Light Support Kompanie
Selects Bersaglieri Bolster
Bersaglieri Squad
Fire Support Elements
Pak 38 Mechanized Group
Flakvierling Half-track
Vehicle Survival Package
Selects Breda Model 30 Light Machine Guns
Flakvierling Half-track
Pak 38 Anti-tank Gun Team
Pak 38 Mechanized Group
Construct Mechanized Kompanie
Emergency Repair Kits
MrGlaucus
WastedMetalProductions
Discoverer
飞行的猫先森
Flightless Bird
So Predictable
Shark
Thomas Shelby
0
0
Comments
sign in to comment!
No comments posted yet!